%YAML 1.1
%TAG !u! tag:unity3d.com,2011:
--- !u!1 &7427675711387021532
GameObject:
  m_ObjectHideFlags: 0
  m_CorrespondingSourceObject: {fileID: 0}
  m_PrefabInstance: {fileID: 0}
  m_PrefabAsset: {fileID: 0}
  serializedVersion: 6
  m_Component:
  - component: {fileID: 8023548608782659411}
  m_Layer: 0
  m_Name: GlittersInteractions
  m_TagString: Untagged
  m_Icon: {fileID: 0}
  m_NavMeshLayer: 0
  m_StaticEditorFlags: 0
  m_IsActive: 1
--- !u!4 &8023548608782659411
Transform:
  m_ObjectHideFlags: 0
  m_CorrespondingSourceObject: {fileID: 0}
  m_PrefabInstance: {fileID: 0}
  m_PrefabAsset: {fileID: 0}
  m_GameObject: {fileID: 7427675711387021532}
  m_LocalRotation: {x: 0, y: 0, z: 0, w: 1}
  m_LocalPosition: {x: -1.8079237, y: 0.77547646, z: 4.9866447}
  m_LocalScale: {x: 1, y: 1, z: 1}
  m_Children:
  - {fileID: 5510890079081231101}
  - {fileID: 5510890079270634338}
  - {fileID: 5510890078159110891}
  m_Father: {fileID: 0}
  m_RootOrder: 0
  m_LocalEulerAnglesHint: {x: 0, y: 0, z: 0}
--- !u!1001 &3501431334086082050
PrefabInstance:
  m_ObjectHideFlags: 0
  serializedVersion: 2
  m_Modification:
    m_TransformParent: {fileID: 8023548608782659411}
    m_Modifications:
    - target: {fileID: 9001860486077287676, guid: 441ae137ac000f346a3df772a8d5fcb5,
        type: 3}
      propertyPath: m_Name
      value: GlittersLivres
      objectReference: {fileID: 0}
    - target: {fileID: 9001860486077287679, guid: 441ae137ac000f346a3df772a8d5fcb5,
        type: 3}
      propertyPath: m_LocalPosition.x
      value: -0.5670763
      objectReference: {fileID: 0}
    - target: {fileID: 9001860486077287679, guid: 441ae137ac000f346a3df772a8d5fcb5,
        type: 3}
      propertyPath: m_LocalPosition.y
      value: 0.2615235
      objectReference: {fileID: 0}
    - target: {fileID: 9001860486077287679, guid: 441ae137ac000f346a3df772a8d5fcb5,
        type: 3}
      propertyPath: m_LocalPosition.z
      value: -3.5166447
      objectReference: {fileID: 0}
    - target: {fileID: 9001860486077287679, guid: 441ae137ac000f346a3df772a8d5fcb5,
        type: 3}
      propertyPath: m_LocalRotation.x
      value: -0.7071068
      objectReference: {fileID: 0}
    - target: {fileID: 9001860486077287679, guid: 441ae137ac000f346a3df772a8d5fcb5,
        type: 3}
      propertyPath: m_LocalRotation.y
      value: -0
      objectReference: {fileID: 0}
    - target: {fileID: 9001860486077287679, guid: 441ae137ac000f346a3df772a8d5fcb5,
        type: 3}
      propertyPath: m_LocalRotation.z
      value: -0
      objectReference: {fileID: 0}
    - target: {fileID: 9001860486077287679, guid: 441ae137ac000f346a3df772a8d5fcb5,
        type: 3}
      propertyPath: m_LocalRotation.w
      value: 0.7071068
      objectReference: {fileID: 0}
    - target: {fileID: 9001860486077287679, guid: 441ae137ac000f346a3df772a8d5fcb5,
        type: 3}
      propertyPath: m_RootOrder
      value: 0
      objectReference: {fileID: 0}
    - target: {fileID: 9001860486077287679, guid: 441ae137ac000f346a3df772a8d5fcb5,
        type: 3}
      propertyPath: m_LocalEulerAnglesHint.x
      value: -90
      objectReference: {fileID: 0}
    - target: {fileID: 9001860486077287679, guid: 441ae137ac000f346a3df772a8d5fcb5,
        type: 3}
      propertyPath: m_LocalEulerAnglesHint.y
      value: 0
      objectReference: {fileID: 0}
    - target: {fileID: 9001860486077287679, guid: 441ae137ac000f346a3df772a8d5fcb5,
        type: 3}
      propertyPath: m_LocalEulerAnglesHint.z
      value: 0
      objectReference: {fileID: 0}
    m_RemovedComponents: []
  m_SourcePrefab: {fileID: 100100000, guid: 441ae137ac000f346a3df772a8d5fcb5, type: 3}
--- !u!4 &5510890079081231101 stripped
Transform:
  m_CorrespondingSourceObject: {fileID: 9001860486077287679, guid: 441ae137ac000f346a3df772a8d5fcb5,
    type: 3}
  m_PrefabInstance: {fileID: 3501431334086082050}
  m_PrefabAsset: {fileID: 0}
--- !u!1001 &3911711667106393098
PrefabInstance:
  m_ObjectHideFlags: 0
  serializedVersion: 2
  m_Modification:
    m_TransformParent: {fileID: 8023548608782659411}
    m_Modifications:
    - target: {fileID: 8805571212899430113, guid: 9dc83f2cb32b6754f868dd1ea7bf709c,
        type: 3}
      propertyPath: m_LocalPosition.x
      value: 5.774924
      objectReference: {fileID: 0}
    - target: {fileID: 8805571212899430113, guid: 9dc83f2cb32b6754f868dd1ea7bf709c,
        type: 3}
      propertyPath: m_LocalPosition.y
      value: 0.51552355
      objectReference: {fileID: 0}
    - target: {fileID: 8805571212899430113, guid: 9dc83f2cb32b6754f868dd1ea7bf709c,
        type: 3}
      propertyPath: m_LocalPosition.z
      value: -5.852645
      objectReference: {fileID: 0}
    - target: {fileID: 8805571212899430113, guid: 9dc83f2cb32b6754f868dd1ea7bf709c,
        type: 3}
      propertyPath: m_LocalRotation.x
      value: -0.7071068
      objectReference: {fileID: 0}
    - target: {fileID: 8805571212899430113, guid: 9dc83f2cb32b6754f868dd1ea7bf709c,
        type: 3}
      propertyPath: m_LocalRotation.y
      value: -0
      objectReference: {fileID: 0}
    - target: {fileID: 8805571212899430113, guid: 9dc83f2cb32b6754f868dd1ea7bf709c,
        type: 3}
      propertyPath: m_LocalRotation.z
      value: -0
      objectReference: {fileID: 0}
    - target: {fileID: 8805571212899430113, guid: 9dc83f2cb32b6754f868dd1ea7bf709c,
        type: 3}
      propertyPath: m_LocalRotation.w
      value: 0.7071068
      objectReference: {fileID: 0}
    - target: {fileID: 8805571212899430113, guid: 9dc83f2cb32b6754f868dd1ea7bf709c,
        type: 3}
      propertyPath: m_RootOrder
      value: 2
      objectReference: {fileID: 0}
    - target: {fileID: 8805571212899430113, guid: 9dc83f2cb32b6754f868dd1ea7bf709c,
        type: 3}
      propertyPath: m_LocalEulerAnglesHint.x
      value: -90
      objectReference: {fileID: 0}
    - target: {fileID: 8805571212899430113, guid: 9dc83f2cb32b6754f868dd1ea7bf709c,
        type: 3}
      propertyPath: m_LocalEulerAnglesHint.y
      value: 0
      objectReference: {fileID: 0}
    - target: {fileID: 8805571212899430113, guid: 9dc83f2cb32b6754f868dd1ea7bf709c,
        type: 3}
      propertyPath: m_LocalEulerAnglesHint.z
      value: 0
      objectReference: {fileID: 0}
    - target: {fileID: 8805571212899430141, guid: 9dc83f2cb32b6754f868dd1ea7bf709c,
        type: 3}
      propertyPath: m_Name
      value: GlittersTrophy
      objectReference: {fileID: 0}
    m_RemovedComponents: []
  m_SourcePrefab: {fileID: 100100000, guid: 9dc83f2cb32b6754f868dd1ea7bf709c, type: 3}
--- !u!4 &5510890078159110891 stripped
Transform:
  m_CorrespondingSourceObject: {fileID: 8805571212899430113, guid: 9dc83f2cb32b6754f868dd1ea7bf709c,
    type: 3}
  m_PrefabInstance: {fileID: 3911711667106393098}
  m_PrefabAsset: {fileID: 0}
--- !u!1001 &8386067919699899707
PrefabInstance:
  m_ObjectHideFlags: 0
  serializedVersion: 2
  m_Modification:
    m_TransformParent: {fileID: 8023548608782659411}
    m_Modifications:
    - target: {fileID: 4043054902302504532, guid: dc2a62ce8473ea444b694e7c5f3f5d50,
        type: 3}
      propertyPath: m_Name
      value: GlittersTricot
      objectReference: {fileID: 0}
    - target: {fileID: 4043054902302504537, guid: dc2a62ce8473ea444b694e7c5f3f5d50,
        type: 3}
      propertyPath: m_LocalPosition.x
      value: 0.97842366
      objectReference: {fileID: 0}
    - target: {fileID: 4043054902302504537, guid: dc2a62ce8473ea444b694e7c5f3f5d50,
        type: 3}
      propertyPath: m_LocalPosition.y
      value: 0.8015238
      objectReference: {fileID: 0}
    - target: {fileID: 4043054902302504537, guid: dc2a62ce8473ea444b694e7c5f3f5d50,
        type: 3}
      propertyPath: m_LocalPosition.z
      value: -4.9586444
      objectReference: {fileID: 0}
    - target: {fileID: 4043054902302504537, guid: dc2a62ce8473ea444b694e7c5f3f5d50,
        type: 3}
      propertyPath: m_LocalRotation.x
      value: -0
      objectReference: {fileID: 0}
    - target: {fileID: 4043054902302504537, guid: dc2a62ce8473ea444b694e7c5f3f5d50,
        type: 3}
      propertyPath: m_LocalRotation.y
      value: -0
      objectReference: {fileID: 0}
    - target: {fileID: 4043054902302504537, guid: dc2a62ce8473ea444b694e7c5f3f5d50,
        type: 3}
      propertyPath: m_LocalRotation.z
      value: -0
      objectReference: {fileID: 0}
    - target: {fileID: 4043054902302504537, guid: dc2a62ce8473ea444b694e7c5f3f5d50,
        type: 3}
      propertyPath: m_LocalRotation.w
      value: 1
      objectReference: {fileID: 0}
    - target: {fileID: 4043054902302504537, guid: dc2a62ce8473ea444b694e7c5f3f5d50,
        type: 3}
      propertyPath: m_RootOrder
      value: 1
      objectReference: {fileID: 0}
    - target: {fileID: 4043054902302504537, guid: dc2a62ce8473ea444b694e7c5f3f5d50,
        type: 3}
      propertyPath: m_LocalEulerAnglesHint.x
      value: -90
      objectReference: {fileID: 0}
    - target: {fileID: 4043054902302504537, guid: dc2a62ce8473ea444b694e7c5f3f5d50,
        type: 3}
      propertyPath: m_LocalEulerAnglesHint.y
      value: 0
      objectReference: {fileID: 0}
    - target: {fileID: 4043054902302504537, guid: dc2a62ce8473ea444b694e7c5f3f5d50,
        type: 3}
      propertyPath: m_LocalEulerAnglesHint.z
      value: 0
      objectReference: {fileID: 0}
    m_RemovedComponents: []
  m_SourcePrefab: {fileID: 100100000, guid: dc2a62ce8473ea444b694e7c5f3f5d50, type: 3}
--- !u!4 &5510890079270634338 stripped
Transform:
  m_CorrespondingSourceObject: {fileID: 4043054902302504537, guid: dc2a62ce8473ea444b694e7c5f3f5d50,
    type: 3}
  m_PrefabInstance: {fileID: 8386067919699899707}
  m_PrefabAsset: {fileID: 0}
